| TOP OF THE 1ST |
|
Coos Bay-North Bend Blue Soxs batting - Pitching for Lewiston Broncs : RHP Theo Shaw
|
|
Pitching: RHP Theo Shaw
|
|
|
Batting: RHB George Page
|
0-0: Fly out, F9 (Flyball, 9LS, EV 92.5 MPH)
|
|
Batting: SHB Paul Sokolowski
|
0-0: Swinging Strike 0-1: Swinging Strike 0-2: Foul Ball, location: 2F 0-2: Foul Ball, location: 2F 0-2: Ball 1-2: Ball 2-2: Fly out, F9 (Line Drive, 9, EV 95.0 MPH)
|
|
Batting: RHB Javier Ortiz
|
0-0: Foul Ball, location: 2F 0-1: Swinging Strike 0-2: Foul Ball, location: 2F 0-2: Strikes out looking
|
| Top of the 1st over - 0 runs, 0 hits, 0 errors, 0 left on base; Coos Bay-North Bend 0 - Lewiston 0 |
| BOTTOM OF THE 1ST |
|
Lewiston Broncs batting - Pitching for Coos Bay-North Bend Blue Soxs : LHP Tom Epple
|
|
Pitching: LHP Tom Epple
|
|
|
Batting: RHB Thomas Gaeta
|
0-0: Ball 1-0: Ball 2-0: Ball 3-0: Swinging Strike 3-1: Called Strike 3-2: Strikes out swinging
|
|
Batting: LHB Alex Hernandez
|
0-0: Called Strike 0-1: Foul Ball, location: 2F 0-2: Ground out 6-3 (Groundball, 6S, EV 86.3 MPH)
|
|
Batting: RHB Jeff Kunkel
|
0-0: SOLO HOME RUN (Flyball, 7LD, EV 93.8 MPH), Distance : 364 ft
|
|
Batting: RHB Bruce Castoria
|
0-0: Ball 1-0: Swinging Strike 1-1: Foul Ball, location: 2F 1-2: Ball 2-2: Ball 3-2: Strikes out swinging
|
| Bottom of the 1st over - 1 run, 1 hit, 0 errors, 0 left on base; Coos Bay-North Bend 0 - Lewiston 1 |
| TOP OF THE 2ND |
|
Coos Bay-North Bend Blue Soxs batting - Pitching for Lewiston Broncs : RHP Theo Shaw
|
|
Batting: LHB Curt Reed
|
0-0: Ball 1-0: Called Strike 1-1: Fly out, F8 (Flyball, 8LD, EV 99.4 MPH)
|
|
Batting: RHB Danny Quintana
|
0-0: Ball 1-0: Ball 2-0: SINGLE (Groundball, 4M, EV 106.9 MPH) (infield hit)
|
|
Batting: LHB Mark Reynolds
|
0-0: Called Strike 0-1: Ball 1-1: Foul Ball, location: 2F 1-2: Foul Ball, location: 2F 1-2: Foul Ball, location: 2F 1-2: Strikes out swinging
|
|
Batting: RHB Bob Glendening
|
0-0: Called Strike 0-1: Ball 1-1: Ball 2-1: Ball 3-1: Base on Balls Danny Quintana to second
|
|
Batting: RHB Brian Stemberger
|
0-0: Called Strike 0-1: Ball 1-1: Swinging Strike 1-2: Strikes out looking
|
| Top of the 2nd over - 0 runs, 1 hit, 0 errors, 2 left on base; Coos Bay-North Bend 0 - Lewiston 1 |
| BOTTOM OF THE 2ND |
|
Lewiston Broncs batting - Pitching for Coos Bay-North Bend Blue Soxs : LHP Tom Epple
|
|
Batting: RHB Sal D'Alessandro
|
0-0: Fly out, F7 (Flyball, 7, EV 82.5 MPH)
|
|
Batting: LHB Nestor Moreno
|
0-0: Called Strike 0-1: SINGLE (Line Drive, 9LS, EV 104.4 MPH)
|
|
Batting: RHB Tony Cordova
|
0-0: Ball 1-0: Swinging Strike 1-1: Fly out, F8 (Flyball, 8RM, EV 93.8 MPH)
|
|
Batting: RHB Steven Spalt
|
0-0: Ball 1-0: Ball Wild Pitch! Nestor Moreno to second 2-0: Foul Ball, location: 2F 2-1: Fly out, F4 (Popup, 3S, EV 90.0 MPH)
|
| Bottom of the 2nd over - 0 runs, 1 hit, 0 errors, 1 left on base; Coos Bay-North Bend 0 - Lewiston 1 |
| TOP OF THE 3RD |
|
Coos Bay-North Bend Blue Soxs batting - Pitching for Lewiston Broncs : RHP Theo Shaw
|
|
Batting: RHB James Wahlig
|
0-0: Ball 1-0: Ground out 5-3 (Groundball, 56S, EV 92.5 MPH)
|
|
Batting: RHB George Page
|
0-0: SINGLE (Flyball, 9LS, EV 94.4 MPH)
|
|
Batting: SHB Paul Sokolowski
|
0-0: Swinging Strike George Page steals 2nd base 0-1: Called Strike 0-2: Ball 1-2: Ball 2-2: Ground out 4-3 (Groundball, 4, EV 83.8 MPH) George Page to third
|
|
Batting: RHB Javier Ortiz
|
0-0: Ball 1-0: Ball 2-0: Called Strike 2-1: Fly out, F8 (Flyball, 8LD, EV 88.8 MPH)
|
| Top of the 3rd over - 0 runs, 1 hit, 0 errors, 1 left on base; Coos Bay-North Bend 0 - Lewiston 1 |
| BOTTOM OF THE 3RD |
|
Lewiston Broncs batting - Pitching for Coos Bay-North Bend Blue Soxs : LHP Tom Epple
|
|
Batting: SHB Stephen Kowalski
|
0-0: Ball 1-0: Ball 2-0: Foul Ball, location: 2F 2-1: Swinging Strike 2-2: Strikes out swinging
|
|
Batting: RHB Thomas Gaeta
|
0-0: Ball 1-0: Ball 2-0: Called Strike 2-1: Fly out, F7 (Line Drive, 7, EV 98.1 MPH)
|
|
Batting: LHB Alex Hernandez
|
0-0: Called Strike 0-1: Fly out, F8 (Flyball, 8LM, EV 73.1 MPH)
|
| Bottom of the 3rd over - 0 runs, 0 hits, 0 errors, 0 left on base; Coos Bay-North Bend 0 - Lewiston 1 |
| TOP OF THE 4TH |
|
Coos Bay-North Bend Blue Soxs batting - Pitching for Lewiston Broncs : RHP Theo Shaw
|
|
Batting: LHB Curt Reed
|
0-0: Ball 1-0: SINGLE (Groundball, 13S, EV 73.8 MPH) (infield hit)
|
|
Batting: RHB Danny Quintana
|
0-0: Ball 1-0: Ball 2-0: Called Strike 2-1: Ball 3-1: Swinging Strike 3-2: Base on Balls Curt Reed to second
|
|
Batting: LHB Mark Reynolds
|
0-0: Fielders Choice at 3rd, U5 (Groundball, 5L, EV 88.1 MPH) Danny Quintana to second
|
|
Batting: RHB Bob Glendening
|
0-0: Grounds into double play, 5-4-3 (Groundball, 56, EV 102.5 MPH)
|
| Top of the 4th over - 0 runs, 1 hit, 0 errors, 1 left on base; Coos Bay-North Bend 0 - Lewiston 1 |
| BOTTOM OF THE 4TH |
|
Lewiston Broncs batting - Pitching for Coos Bay-North Bend Blue Soxs : LHP Tom Epple
|
|
Batting: RHB Jeff Kunkel
|
0-0: Called Strike 0-1: Swinging Strike 0-2: Strikes out swinging
|
|
Batting: RHB Bruce Castoria
|
0-0: SINGLE (Line Drive, 8LS, EV 92.5 MPH)
|
|
Batting: RHB Sal D'Alessandro
|
0-0: Called Strike 0-1: Ball 1-1: Swinging Strike 1-2: Ball 2-2: Ball 3-2: Fly out, F8 (Line Drive, 8LM, EV 85.6 MPH)
|
|
Batting: LHB Nestor Moreno
|
0-0: Fly out, F9 (Flyball, 9S, EV 82.5 MPH)
|
| Bottom of the 4th over - 0 runs, 1 hit, 0 errors, 1 left on base; Coos Bay-North Bend 0 - Lewiston 1 |
| TOP OF THE 5TH |
|
Coos Bay-North Bend Blue Soxs batting - Pitching for Lewiston Broncs : RHP Theo Shaw
|
|
Batting: RHB Brian Stemberger
|
0-0: DOUBLE (Line Drive, 89D, EV 105.0 MPH)
|
|
Batting: RHB James Wahlig
|
0-0: Foul Ball, location: 2F 0-1: Called Strike 0-2: Strikes out looking
|
|
Batting: RHB George Page
|
0-0: SINGLE (Groundball, 34D, EV 101.3 MPH) Brian Stemberger to third Runner from 3rd tries for Home, SAFE, throw by RF to home
|
|
Batting: SHB Paul Sokolowski
|
0-0: Ball 1-0: Fly out, F4 (Popup, 4D, EV 67.5 MPH)
|
|
Batting: RHB Javier Ortiz
|
0-0: Ball George Page steals 2nd base (no throw) 1-0: Ball 2-0: Called Strike 2-1: Ball 3-1: Base on Balls
|
|
Batting: LHB Curt Reed
|
0-0: Ball 1-0: Called Strike 1-1: Swinging Strike 1-2: Ball 2-2: Foul Ball, location: 2F 2-2: Ball 3-2: Strikes out swinging
|
| Top of the 5th over - 1 run, 2 hits, 0 errors, 2 left on base; Coos Bay-North Bend 1 - Lewiston 1 |
| BOTTOM OF THE 5TH |
|
Lewiston Broncs batting - Pitching for Coos Bay-North Bend Blue Soxs : LHP Tom Epple
|
|
Batting: RHB Tony Cordova
|
0-0: Ball 1-0: Foul Ball, location: 2F 1-1: SINGLE (Groundball, 56S, EV 70.6 MPH) (infield hit)
|
|
Batting: RHB Steven Spalt
|
0-0: Sac Bunt to 13S - play at first, batter OUT! 1-3 Tony Cordova to second
|
|
Batting: SHB Stephen Kowalski
|
0-0: Called Strike 0-1: Foul Ball, location: 2F 0-2: Strikes out swinging
|
|
Batting: RHB Thomas Gaeta
|
0-0: Called Strike 0-1: Foul Ball, location: 2F 0-2: DOUBLE (Line Drive, 89M, EV 98.8 MPH) Tony Cordova scores
|
|
Batting: LHB Alex Hernandez
|
0-0: DOUBLE (Line Drive, 78D, EV 102.5 MPH) Thomas Gaeta scores
|
|
Batting: RHB Jeff Kunkel
|
0-0: Called Strike 0-1: Ball 1-1: Swinging Strike 1-2: Foul Ball, location: 2F 1-2: Ball 2-2: Foul Ball, location: 2F 2-2: Foul Ball, location: 2F 2-2: Strikes out looking
|
| Bottom of the 5th over - 2 runs, 3 hits, 0 errors, 1 left on base; Coos Bay-North Bend 1 - Lewiston 3 |
| TOP OF THE 6TH |
|
Coos Bay-North Bend Blue Soxs batting - Pitching for Lewiston Broncs : RHP Theo Shaw
|
|
Batting: RHB Danny Quintana
|
0-0: Ball 1-0: Foul Ball, location: 2F 1-1: Ball 2-1: Ball 3-1: Fly out, F6 (Popup, 6S, EV 78.1 MPH)
|
|
Batting: LHB Mark Reynolds
|
0-0: Fly out, F8 (Flyball, 8LXD, EV 98.8 MPH)
|
|
Batting: RHB Bob Glendening
|
0-0: Swinging Strike 0-1: Swinging Strike 0-2: Strikes out swinging
|
| Top of the 6th over - 0 runs, 0 hits, 0 errors, 0 left on base; Coos Bay-North Bend 1 - Lewiston 3 |
| BOTTOM OF THE 6TH |
|
Lewiston Broncs batting - Pitching for Coos Bay-North Bend Blue Soxs : LHP Tom Epple
|
|
Batting: RHB Bruce Castoria
|
0-0: Called Strike 0-1: Called Strike 0-2: Ball 1-2: Ball 2-2: Fly out, F3 (Flyball, 3D, EV 79.4 MPH)
|
|
Batting: RHB Sal D'Alessandro
|
0-0: Ball 1-0: Swinging Strike 1-1: Ball 2-1: Fly out, F8 (Flyball, 8RD, EV 93.1 MPH)
|
|
Batting: LHB Nestor Moreno
|
0-0: DOUBLE (Line Drive, 7LS, EV 100.0 MPH)
|
|
Batting: RHB Tony Cordova
|
0-0: Ball 1-0: Ball 2-0: Called Strike 2-1: Swinging Strike 2-2: Ball 3-2: Strikes out swinging
|
| Bottom of the 6th over - 0 runs, 1 hit, 0 errors, 1 left on base; Coos Bay-North Bend 1 - Lewiston 3 |
| TOP OF THE 7TH |
|
Coos Bay-North Bend Blue Soxs batting - Pitching for Lewiston Broncs : RHP Theo Shaw
|
|
Batting: RHB Brian Stemberger
|
0-0: Ball 1-0: Called Strike 1-1: Ball 2-1: Ball 3-1: Base on Balls
|
|
Batting: RHB James Wahlig
|
0-0: Ball 1-0: Ball 2-0: Foul Ball, location: 2F 2-1: Foul Ball, location: 2F 2-2: Foul Ball, location: 2F 2-2: Ball 3-2: SINGLE (Groundball, 25, EV 66.3 MPH) (infield hit) Brian Stemberger to second
|
|
Batting: RHB George Page
|
0-0: Ball 1-0: Called Strike 1-1: Ball 2-1: Ground out 4-3 (Groundball, 34D, EV 101.3 MPH) Brian Stemberger to third James Wahlig to second
|
|
Batting: SHB Paul Sokolowski
|
0-0: Swinging Strike 0-1: Ball 1-1: SINGLE (Groundball, 4MD, EV 100.6 MPH) Brian Stemberger scores James Wahlig to third
|
|
Batting: RHB Javier Ortiz
|
0-0: Fly out, F9 (Flyball, 9S, EV 86.3 MPH)
|
|
Batting: LHB Curt Reed
|
0-0: Called Strike 0-1: Ball 1-1: Fielders Choice at 2nd, 6-4 (Groundball, 6, EV 89.4 MPH)
|
| Top of the 7th over - 1 run, 2 hits, 0 errors, 2 left on base; Coos Bay-North Bend 2 - Lewiston 3 |
| BOTTOM OF THE 7TH |
|
Lewiston Broncs batting - Pitching for Coos Bay-North Bend Blue Soxs : LHP Tom Epple
|
|
Batting: RHB Steven Spalt
|
0-0: Ball 1-0: Ball 2-0: Foul Ball, location: 2F 2-1: Swinging Strike 2-2: Fly out, F8 (Flyball, 78D, EV 80.6 MPH)
|
|
Batting: SHB Stephen Kowalski
|
0-0: Ball 1-0: Foul Ball, location: 2F 1-1: Ball 2-1: Ground out 5-3 (Groundball, 56, EV 81.3 MPH)
|
|
Batting: RHB Thomas Gaeta
|
0-0: Foul Ball, location: 2F 0-1: Ball 1-1: Ball 2-1: Foul Ball, location: 2F 2-2: Foul Ball, location: 2F 2-2: Foul Ball, location: 2F 2-2: Strikes out looking
|
| Bottom of the 7th over - 0 runs, 0 hits, 0 errors, 0 left on base; Coos Bay-North Bend 2 - Lewiston 3 |
| TOP OF THE 8TH |
|
Coos Bay-North Bend Blue Soxs batting - Pitching for Lewiston Broncs : RHP Theo Shaw
|
|
Batting: RHB Danny Quintana
|
0-0: Ball 1-0: Foul Ball, location: 2F 1-1: Ground out 6-3 (Groundball, 56S, EV 90.6 MPH)
|
|
Batting: LHB Mark Reynolds
|
0-0: Foul Ball, location: 2F 0-1: Called Strike 0-2: Ball 1-2: Foul Ball, location: 2F 1-2: Ball 2-2: Fly out, F7 (Flyball, 7, EV 91.9 MPH)
|
|
Batting: RHB Bob Glendening
|
0-0: Ball 1-0: Ball 2-0: Called Strike 2-1: Ball 3-1: Base on Balls
|
|
Batting: RHB Brian Stemberger
|
0-0: Ball 1-0: Ball 2-0: Called Strike 2-1: Fly out, F8 (Line Drive, 8LD, EV 90.0 MPH)
|
| Top of the 8th over - 0 runs, 0 hits, 0 errors, 1 left on base; Coos Bay-North Bend 2 - Lewiston 3 |
| BOTTOM OF THE 8TH |
|
Lewiston Broncs batting - Pitching for Coos Bay-North Bend Blue Soxs : LHP Tom Epple
|
|
Batting: LHB Alex Hernandez
|
0-0: Ball 1-0: Ground out 5-3 (Groundball, 56, EV 83.8 MPH)
|
|
Batting: RHB Jeff Kunkel
|
0-0: Called Strike 0-1: Ball 1-1: Foul Ball, location: 2F 1-2: Fly out, F9 (Flyball, 89D, EV 86.9 MPH)
|
|
Batting: RHB Bruce Castoria
|
0-0: Ball 1-0: DOUBLE (Flyball, 9LD, EV 95.0 MPH)
|
|
Batting: RHB Sal D'Alessandro
|
0-0: Foul Ball, location: 2F 0-1: Swinging Strike 0-2: Ball 1-2: Strikes out swinging
|
| Bottom of the 8th over - 0 runs, 1 hit, 0 errors, 1 left on base; Coos Bay-North Bend 2 - Lewiston 3 |
| TOP OF THE 9TH |
|
Coos Bay-North Bend Blue Soxs batting - Pitching for Lewiston Broncs : RHP Theo Shaw
|
|
Pitching: LHP Brian Householder
|
|
|
Now in LF: Wayne Kirby
|
|
|
Batting: RHB James Wahlig
|
0-0: Called Strike 0-1: Called Strike 0-2: Strikes out swinging
|
|
Batting: RHB George Page
|
0-0: Called Strike 0-1: Ball 1-1: Ball 2-1: Swinging Strike 2-2: Ball 3-2: Strikes out swinging
|
|
Batting: SHB Paul Sokolowski
|
0-0: Ball 1-0: Ball 2-0: Ball 3-0: Base on Balls
|
|
Batting: RHB Javier Ortiz
|
0-0: Ball 1-0: Ball 2-0: Ball 3-0: Base on Balls Paul Sokolowski to second
|
|
Batting: LHB Curt Reed
|
0-0: Ball 1-0: Ball 2-0: Ball 3-0: Called Strike 3-1: Swinging Strike 3-2: Base on Balls Paul Sokolowski to third Javier Ortiz to second
|
|
Batting: RHB Danny Quintana
|
0-0: Ball 1-0: Called Strike 1-1: Foul Ball, location: 2F 1-2: Single, Error in OF, E8, batter to second base (Groundball, 6D, EV 100.6 MPH) Paul Sokolowski scores Javier Ortiz scores Curt Reed to third
|
|
Batting: LHB Mark Reynolds
|
0-0: Called Strike 0-1: Foul Ball, location: 2F 0-2: Foul Ball, location: 2F 0-2: Ball 1-2: Ball Wild Pitch! Curt Reed scores Danny Quintana to third 2-2: Ball 3-2: Fly out, F5 (Popup, 5D, EV 56.3 MPH)
|
| Top of the 9th over - 3 runs, 1 hit, 1 error, 1 left on base; Coos Bay-North Bend 5 - Lewiston 3 |
| BOTTOM OF THE 9TH |
|
Lewiston Broncs batting - Pitching for Coos Bay-North Bend Blue Soxs : LHP Tom Epple
|
|
Pitching: RHP Mark Holton
|
|
|
Batting: LHB Nestor Moreno
|
0-0: Called Strike 0-1: Ball 1-1: Ball 2-1: Ball 3-1: Called Strike 3-2: Strikes out swinging
|
|
Batting: RHB Tony Cordova
|
0-0: Hit by Pitch
|
|
Batting: RHB Steven Spalt
|
0-0: Ball 1-0: Ball 2-0: Called Strike 2-1: Swinging Strike 2-2: Ball 3-2: Base on Balls Tony Cordova to second
|
|
Batting: SHB Stephen Kowalski
|
0-0: Ball 1-0: Called Strike 1-1: Called Strike 1-2: Strikes out looking
|
|
Batting: LHB Wayne Kirby
|
0-0: Called Strike 0-1: Ball 1-1: Swinging Strike 1-2: Foul Ball, location: 2F 1-2: Ball 2-2: Fly out, F4 (Popup, 4D, EV 58.1 MPH)
|
| Bottom of the 9th over - 0 runs, 0 hits, 0 errors, 2 left on base; Coos Bay-North Bend 5 - Lewiston 3 |
|